 Dungeon Crawl Stone Soup version 0.30.1-11-g7821555f0a (webtiles) character file.

Game seed: 268543068148547463

4459 lonewolfV2 the Protected (level 10, -3/141 HPs)
             Began as a Minotaur Fighter on Nov 14, 2023.
             Was a Follower of the Shining One.
             Slain by an orange demon (5 damage)
             ... led by Amaemon
             ... on level 8 of the Dungeon.
             The game lasted 00:13:09 (7185 turns).

lonewolfV2 the Protected (Minotaur Fighter)         Turns: 7185, Time: 00:13:10

Health: -3/141     AC: 16    Str: 26    XL:     10   Next: 15%
Magic:  9/9        EV: 14    Int:  5    God:    the Shining One [*.....]
Gold:   363        SH:  0    Dex: 15    Spells: 9/9 levels left

rFire   + . .        y - +11 plutonium sword {Contam Stlth-}
rCold   . . .        (shield currently unavailable)
rNeg    . . .        m - +0 chain mail
rPois   .            n - +0 mask of the Dragon {Will+ Slay+3 SInv}
rElec   .            (no cloak)
rCorr   .            r - +0 pair of gloves
SInv    +            b - +0 pair of boots
Will    +....        C - amulet of regeneration Stlth
                     l - ring of protection from fire
HPRegen 1.23/turn    u - +6 ring of strength
MPRegen 0.11/turn

%: no passive effects
@: berserking, lethally poisoned (-3 -> -8), glowing, studying Armour, very
quick
A: horns 2, retaliatory headbutt
a: Renounce Religion, Divine Shield


You were on level 8 of the Dungeon.
You worshipped the Shining One.
The Shining One was aware of your devotion.
You visited 1 branch of the dungeon, and saw 8 of its levels.
You also visited: Bailey.

You collected 363 gold pieces.

Inventory:

Hand Weapons
 a - a +3 war axe of venom
 y - the +11 plutonium sword (weapon) {Contam Stlth-}
   (You found it in a bailey)

   Contam:    It causes magical contamination when unequipped.
   Stlth:     It makes you less stealthy.
Armour
 b - a +0 pair of boots (worn)
 c - a +1 buckler
 m - a +0 chain mail (worn)
 n - the +0 mask of the Dragon (worn) {Will+ Slay+3 SInv}
   (You acquired it on level 4 of the Dungeon)

   Slay:      It affects your accuracy & damage with ranged weapons and melee
   (+3).
   SInv:      It lets you see invisible.
   Will:      It increases your willpower.
 r - a +0 pair of gloves (worn)
Jewellery
 e - a ring of resist corrosion
 h - an amulet of guardian spirit
 l - a ring of protection from fire (left hand)
 t - a ring of see invisible
 u - a +6 ring of strength (right hand)
 C - an amulet of regeneration (around neck)
Wands
 k - a wand of light (3)
 q - a wand of flame (43)
 w - a wand of roots (8)
Scrolls
 o - 3 scrolls of immolation
 v - a scroll of identify
 x - 3 scrolls of enchant weapon
 A - a scroll of teleportation {unknown}
 B - a scroll of amnesia
Potions
 d - a potion of degeneration
 f - a potion of mutation
 g - 3 potions of attraction
 i - 2 potions of flight
 j - a potion of ambrosia
 z - a potion of magic {unknown}


   Skills:
 - Level 10.4 Fighting
 * Level 2.8 Long Blades
 - Level 2.4 Axes
 - Level 13.2 Armour
 - Level 10.3 Dodging
 - Level 3.6 Shields


You had 9 spell levels left.
You didn't know any spells.
Your spell library contained the following spells:

 Spells                   Type           Power      Damage    Failure   Level
 Apportation              Tloc           0%         N/A       88%         1
 Necrotise                Necr           0%         1d4       88%         1
 Summon Small Mammal      Summ           0%         N/A       88%         1
 Cigotuvi's Dreadful Rot  Necr/Pois/Air  0%         N/A       95%         2
 Call Canine Familiar     Summ           0%         N/A       99%         3
 Ignite Poison            Fire/Tmut/Pois 0%         N/A       99%         3
 Portal Projectile        Hex/Tloc       0%         N/A       99%         3
 Leda's Liquefaction      Hex/Erth       0%         N/A       100%        4
 Alistair's Intoxication  Tmut/Pois      0%         N/A       100%        5
 Freezing Cloud           Conj/Ice/Air   0%         6-21      100%        5


Dungeon Overview and Level Annotations

Branches:
Dungeon (8/15)             Temple (0/1) D:7          Bailey (visited)
   Lair: D:8-11

Altars:
Cheibriados
Elyvilon
Gozag
Hepliaklqana
Nemelex Xobeh
Sif Muna
The Shining One

Shops:
D:3 (

Annotations:
D:8 Amaemon


Innate Abilities, Weirdness & Mutations

You have a pair of horns on your head.
You reflexively headbutt those who attack you in melee.


Message History

You are poisoned.
Amaemon claws you but does no damage. Amaemon barely misses you.
The orange demon barely misses you.
The orange demon hits you but does no damage.
The scorpion barely misses you. The scorpion misses you.
The scorpion barely misses you.
A red film seems to cover your vision as you go berserk!
You feel yourself moving faster!
You feel mighty!
You feel very sick. The scorpion misses you. You furiously retaliate!
You headbutt the scorpion!!
You kill the scorpion!
The scorpion's corpse disappears in a puff of smoke!
The scorpion barely misses you.
The scorpion stings you but does no damage.
The orange demon barely misses you.
The orange demon hits you but does no damage.
Amaemon closely misses you. Amaemon completely misses you.
Amaemon closely misses you.
You slice Amaemon!!
Mutagenic energy flows through the plutonium sword!
Amaemon's body twists unnaturally.
Amaemon twists and deforms.
Amaemon is almost dead.
You feel sick. The scorpion barely misses you. You furiously retaliate!
You headbutt the scorpion! The scorpion barely misses you. Amaemon misses you.
Amaemon claws you but does no damage. Amaemon barely misses you.
The orange demon stings you.
* * * LOW HITPOINT WARNING * * *
The orange demon barely misses you. The scorpion stings you.
* * * LOW HITPOINT WARNING * * *
You are lethally poisoned!
The scorpion poisons you! The scorpion stings you.
* * * LOW HITPOINT WARNING * * *
You closely miss Amaemon.
Amaemon is almost dead.
The Shining One protects you from harm!
Amaemon barely misses you. x2; Amaemon closely misses you.
The orange demon stings you.
* * * LOW HITPOINT WARNING * * *
The orange demon hits you.
You die...

........#
#...#
######....
..#######
#...#
##...###...
### ####
#...#
#......##.#
#...## #.†##
#.........#
#.....##..#
#..........
#####
#.."...#..#
#..........
....##
.......#..#
#..........
.....#
......§s..#
#..........
.....#
......6@..#
#..........
.....#
......4.s##
#..........
.....#
.........#
#..........
.....#
..........
#..........
.....#
....(.....#
#..........
.....#
..........#
#..........
......
...........
###........
...###
###.[....###
#########
####


You could see Amaemon (misshapen), an orange demon (curare) and 2 scorpions.

Vanquished Creatures
  An orc knight (Bailey)
  Joseph (D:7)
  A steam dragon (D:7)
  3 water moccasins
  Duvessa (D:4)
  An acid dragon (D:8)
  10 orc warriors (Bailey)
  An ice beast (D:6)
  4 sky beasts
  3 centaurs
  3 ogres
  2 phantoms
  2 bullfrogs (D:7)
  3 scorpions
  Dowan (D:4)
  2 howler monkeys (D:8)
  Crazy Yiuf (D:2)
  A hound (D:5)
  4 jellies
  2 orc priests
  Jessica (D:3)
  A gnoll bouda (D:8)
  An iguana (D:5)
  Terence (D:2)
  4 orc wizards
  Robin (D:2)
  4 adders
  4 gnolls (D:8)
  An ufetubus (D:7)
  2 worms (D:2)
  2 dart slugs
  24 orcs
  4 bats
  4 endoplasms
  5 giant cockroaches
  12 goblins
  6 hobgoblins
  2 jackals (D:1)
  9 quokkas
  8 ball pythons
  2 frilled lizards (D:3)
  3 kobolds
  4 rats (D:1)
152 creatures vanquished.

Notes
Turn   | Place    | Note
-------+----------+-------------------------------------------
     0 | D:1      | lonewolfV2 the Minotaur Fighter began the quest for the
                  | Orb.
     0 | D:1      | Reached XP level 1. HP: 19/19 MP: 0/0
   223 | D:1      | Reached XP level 2. HP: 27/28 MP: 1/1
   601 | D:1      | Reached skill level 5 in Fighting
   749 | D:2      | Reached XP level 3. HP: 35/36 MP: 2/2
   793 | D:2      | Noticed Robin
   812 | D:2      | Killed Robin
   976 | D:2      | Reached XP level 4. HP: 44/44 MP: 3/3
  1051 | D:2      | Found a runed translucent door.
  1052 | D:2      | Noticed Crazy Yiuf
  1174 | D:2      | Noticed Terence
  1182 | D:2      | Killed Terence
  1467 | D:2      | Paralysed by Crazy Yiuf for 2 turns
  1471 | D:2      | Killed Crazy Yiuf
  1472 | D:2      | Reached XP level 5. HP: 13/52 MP: 0/4
  1886 | D:3      | Noticed Jessica
  1889 | D:3      | Killed Jessica
  2196 | D:3      | Found Dizuoter's Antique Weapon Shop.
  2289 | D:3      | Found a glowing golden altar of the Shining One.
  2367 | D:3      | Became a worshipper of the Shining One
  2440 | D:3      | Found a hazy altar of Hepliaklqana.
  2470 | D:3      | Noticed an ogre
  2473 | D:3      | Killed an ogre
  2474 | D:3      | Reached XP level 6. HP: 37/62 MP: 3/5
  2767 | D:3      | Identified 2 scrolls of acquirement
  2767 | D:3      | Acquired a manual of Armour
  2956 | D:4      | Noticed Dowan
  2972 | D:4      | Killed Dowan
  2973 | D:4      | Reached skill level 4 in Armour
  2999 | D:4      | Noticed Duvessa
  3010 | D:4      | Killed Duvessa
  3011 | D:4      | Reached skill level 5 in Armour
  3011 | D:4      | Reached XP level 7. HP: 31/70 MP: 1/6
  3227 | D:4      | Found a sparkling altar of Nemelex Xobeh.
  3424 | D:4      | Found a shimmering blue altar of Sif Muna.
  3637 | D:4      | Acquired the +0 mask of the Dragon {Will+ Slay+3 SInv}
  3637 | D:4      | Found the +0 mask of the Dragon {Will+ Slay+3 SInv}
  3649 | D:5      | Entered Level 5 of the Dungeon
  3688 | D:5      | Reached skill level 6 in Armour
  3747 | D:5      | Reached skill level 10 in Fighting
  4197 | D:5      | Reached skill level 7 in Armour
  4250 | D:5      | Found an opulent altar of Gozag.
  4423 | D:6      | Reached skill level 1 in Dodging
  4475 | D:6      | Reached XP level 8. HP: 78/80 MP: 7/7
  4490 | D:6      | Reached skill level 8 in Armour
  4817 | D:7      | Found a staircase to the Ecumenical Temple.
  4833 | D:7      | Reached skill level 9 in Armour
  4833 | D:7      | Reached skill level 5 in Dodging
  4920 | D:7      | Reached skill level 10 in Armour
  5023 | D:7      | Found a white marble altar of Elyvilon.
  5047 | D:7      | Noticed Joseph
  5058 | D:7      | Killed Joseph
  5059 | D:7      | Reached XP level 9. HP: 53/86 MP: 5/8
  5378 | D:7      | Found a snail-covered altar of Cheibriados.
  5488 | D:7      | Reached skill level 11 in Armour
  5887 | D:8      | Reached * piety under the Shining One
  5936 | D:8      | Found a flagged portal.
  5970 | Bailey   | Entered a bailey
  6092 | Bailey   | Reached skill level 12 in Armour
  6428 | Bailey   | Found the +11 plutonium sword {Contam Stlth-}
  6428 | Bailey   | Noticed an orc knight
  6434 | Bailey   | Killed an orc knight
  6435 | Bailey   | Reached skill level 13 in Armour
  6435 | Bailey   | Reached skill level 10 in Dodging
  6435 | Bailey   | Reached XP level 10. HP: 59/94 MP: 4/9
  6838 | D:8      | Reached skill level 1 in Long Blades
  6968 | D:8      | Identified the +1 scale mail of Light {+Inv}
  7162 | D:8      | Noticed an orange demon
  7162 | D:8      | Noticed Amaemon
  7184 | D:8      | HP: 7/141 [orange demon[Amaemon] (3)]
  7184 | D:8      | HP: 3/141 [scorpion[Amaemon] (4)]
  7185 | D:8      | The Shining One protects you from harm!
  7185 | D:8      | Slain by an orange demon

Illustrated notes

Levels and vault maps discovered:
D:1:      saegor_arrival_simple_b, layout_loops_ring, minmay_3d_cube
D:2:      layout_rooms, uniq_robin, uniq_terence, uniq_crazy_yiuf_cottage
D:3:      layout_loops_cross, tso_oasis_becter, lemuel_doored_altar,
          serial_shops, shop, uniq_jessica
D:4:      layout_loops_ring, general_overflow_altar, led_sif_book,
          serial_rivers, chequers_serial_rivers_marsh,
          chequers_serial_rivers_small_a, chequers_serial_rivers_small_b,
          chequers_serial_rivers_marsh, chequers_serial_rivers_large_b,
          uniq_duvessa
D:5:      layout_basic, lemuel_coloured_pillars_altar
D:6:      layout_basic, nicolae_ru_great_annihilating_truth
D:7:      nicolae_cairo_tiling_very_big, layout_loops_ring, cheibriados_altar_1,
          elyvilon_altar_1, uniq_joseph
D:8:      layout_cave_pods, enter_bailey_6, minmay_misc_feat_enclosed,
          uniq_amaemon

Skill      XL: |  1  2  3  4  5  6  7  8  9 10 |
---------------+-------------------------------+-----
Fighting       | 4 5 6 7 8 9 10 | 10.4
Armour         | 5 7 10 13 | 13.2
Dodging        | 2 7 10 | 10.3
Long Blades    | 2 |  2.8
Axes           | |  2.4
Shields        | |  3.6

Action                     |  1- 3 |  4- 6 |  7- 9 | 10-12 || total
---------------------------+-------+-------+-------+-------++-------
  Melee: War axe           |    86 |    72 |   159 |       ||   317
         Headbutt          |     9 |    13 |    30 |     2 ||    54
         Triple sword      |       |       |       |    17 ||    17
    Use: Scroll            |     4 |     6 |    10 |       ||    20
         Potion            |       |     3 |       |     9 ||    12
 Armour: Scale mail        |    27 |       |       |       ||    27
         Chain mail        |     4 |    47 |   103 |    47 ||   201
  Dodge: Dodged            |    25 |    18 |   116 |    80 ||   239
  Block: Buckler           |    27 |    19 |    65 |       ||   111
